 Dungeon Crawl Stone Soup version 0.24-a0-244-ga6a6ab7 (webtiles) character file.

Game seed: 12743625275971538440

7064 Anathematize the Slicer (level 11, -6/72 HPs)
             Began as a Halfling Fighter on Apr 11, 2019.
             Was a Priest of Uskayaw.
             Mangled by a polar bear (10 damage)
             ... on level 1 of the Lair of Beasts.
             The game lasted 01:14:44 (14747 turns).

Anathematize the Slicer (Halfling Fighter)         Turns: 14747, Time: 01:14:44

Health: -6/72      AC: 11    Str: 25    XL:     11   Next: 30%
Magic:  13/16      EV: 11    Int:  6    God:    Uskayaw [***...]
Gold:   160        SH: 11    Dex: 15    Spells: 10/10 levels left

rFire    . . .     SeeInvis +   k - +6 long sword
rCold    . . .     Gourm    .   c - +0 shield
rNeg     . . .     Faith    .   e - +0 chain mail
rPois    .         Spirit   .   (no helmet)
rElec    .         Reflect  .   (no cloak)
rCorr    .         Harm     .   A - +0 pair of gloves
MR       .....                  (no boots)
Stlth    ..........             (no amulet)
HPRegen  0.22/turn              y - ring of see invisible
MPRegen  0.15/turn              (no ring)

@: mighty
A: small, mutation resistance 1
a: Stomp, Line Pass, Renounce Religion


You were on level 1 of the Lair of Beasts.
You worshipped Uskayaw.
Uskayaw was noncommittal.
You were hungry.

You visited 3 branches of the dungeon, and saw 11 of its levels.
You also visited: Bailey.

You collected 442 gold pieces.
You spent 282 gold pieces at shops.

Inventory:

Hand Weapons
 a - a +0 rapier of draining
 k - a +6 long sword (weapon)
 z - a +0 hunting sling
Missiles
 g - 193 stones (quivered)
 h - 48 sling bullets
 l - 3 throwing nets
Armour
 c - a +0 shield (worn)
 e - a +0 chain mail (worn)
 v - a +0 buckler
 A - a +0 pair of gloves (worn)
Jewellery
 m - an uncursed ring of ice
 y - a ring of see invisible (left hand)
Wands
 E - a wand of flame (16)
Scrolls
 b - a scroll of magic mapping
 i - 3 scrolls of amnesia
 j - a scroll of fog
 p - 2 scrolls of remove curse
 q - 3 scrolls of teleportation
 B - a scroll of enchant armour
Potions
 o - a potion of mutation
 s - a potion of magic
 t - 3 potions of flight
 u - a potion of brilliance
Comestibles
 f - 17 rations


   Skills:
 + Level 6.1 Fighting
 * Level 12.2 Short Blades
 * Level 8.0 Slings
 - Level 5.5 Armour
 - Level 4.4 Dodging
 - Level 5.7 Shields
 + Level 7.9 Invocations


You had 10 spell levels left.
You didn't know any spells.
Your spell library was empty.

Dungeon Overview and Level Annotations

Branches:
Dungeon (9/15)             Temple (1/1) D:4            Lair (1/6) D:8
    Orc: D:9-12

Altars:
Cheibriados
Elyvilon
Fedhas
Hepliaklqana
Kikubaaqudgha
Makhleb
Nemelex Xobeh
Okawaru
Ru
Sif Muna
Trog
Uskayaw
Wu Jian
Zin
The Shining One

Shops:
D:8 ?

Annotations:
D:2 exclusion: downstairs
D:7 1 runed translucent door, Ahrinia's ghost, novice DrAE


Innate Abilities, Weirdness & Mutations

You are small and have problems with some larger weapons.
You are somewhat resistant to further mutation.


Message History

The now-empty wand crumbles to dust.
The polar bear seems less confused.
The polar bear is no longer sharing its pain.
You slash the polar bear!
The polar bear is almost dead.
You block the polar bear's attack. The polar bear claws you.
* * * LOW HITPOINT WARNING * * *
You block the polar bear's attack. The polar bear bites you!
* * * LOW HITPOINT WARNING * * *
The polar bear claws you but does no damage. x2
Uskayaw will force your foes to helplessly watch your dance.
Okay, then.
You feel very mighty all of a sudden. The polar bear misses you.
You block the polar bear's attack.
The polar bear claws you but does no damage.
You block the polar bear's attack. The polar bear closely misses you.
The polar bear claws you but does no damage.
Your chain mail prevents you from hitting the polar bear.
The polar bear is almost dead.
The polar bear bites you!
You die...

*,* #...♣♣**,,,,,,****,,*,* *,*
##....♣*,,.....,**,,,,,* #.*
#......,,,.....,,,,,,,,*
#.####.....**,......,**,,,,,,
**.........♣,**......***,,,,,, *
*,##.......♣♣*♣......**,*,,**, *
*##.........♣♣.......,**,,,***
****....................,,,,,** *
,,,,............@....#,**,,*,,**#
,,,,............h...b##*********.
,,,,..........<.......# ##.
,,,,..................## #..
,,,,...................# ##..
,,,,..................## ##..#
,,,,.............(...## ##...#
,,,,...............P## ##...##
,,,,...............(.### #.#..#


You could see a polar bear (berserk).

Vanquished Creatures
  A two-headed ogre (D:7)
  A spiny frog (D:8)
  A polar bear (D:8)
  2 hippogriffs
  A wraith (D:7)
  4 yaks (D:9)
  Eustachio (D:4)
  A hungry ghost (D:9)
  Edmund (D:4)
  2 water moccasins (D:8)
  An ice beast (D:8)
  3 orc warriors
  2 sky beasts
  An ogre (D:3)
  4 necrophages (D:7)
  3 centaurs
  2 crocodiles
  Blork the orc (D:5)
  7 bullfrogs
  A water moccasin skeleton (D:8)
  2 scorpions
  10 wights
  4 howler monkeys
  3 crimson imps
  5 human zombies (D:7)
  4 orc priests
  7 hounds
  A jelly (D:7)
  2 bullfrog skeletons
  Ijyb (D:3)
  Natasha (thrice) (D:4)
  3 iguanas
  10 orc wizards
  7 worker ants
  A hound skeleton (D:8)
  A mummy (D:7)
  A worker ant zombie (D:8)
  12 gnolls
  8 adders
  3 oozes
  An adder zombie (D:7)
  2 adder skeletons
  4 worms
  7 dart slugs
  11 leopard geckos
  38 orcs
  A ball python (D:3)
  6 giant cockroaches
  2 goblins
  8 hobgoblins
  15 jackals
  4 quokkas
  8 bats
  7 frilled lizards
  A jackal skeleton (D:4)
  4 kobolds
  A leopard gecko zombie (D:8)
  An orc skeleton (D:7)
  A quokka skeleton (D:5)
  8 rats
258 creatures vanquished.

Vanquished Creatures (others)
  4 plants (Lair:1)
4 creatures vanquished.

Grand Total: 262 creatures vanquished

Notes
Turn   | Place    | Note
-------+----------+-------------------------------------------
     0 | D:1      | Anathematize the Halfling Fighter began the quest for the
                  | Orb.
     0 | D:1      | Reached XP level 1. HP: 15/15 MP: 1/1
   166 | D:1      | Reached skill level 3 in Short Blades
   166 | D:1      | Reached XP level 2. HP: 19/20 MP: 2/2
   293 | D:1      | Reached XP level 3. HP: 25/25 MP: 3/3
   343 | D:1      | Reached skill level 4 in Short Blades
   968 | D:2      | Reached XP level 4. HP: 30/30 MP: 4/4
  1099 | D:2      | Reached skill level 5 in Short Blades
  1617 | D:2      | Found a deep blue altar of Sif Muna.
  1728 | D:3      | Found a bloodstained altar of Trog.
  1957 | D:2      | Reached XP level 5. HP: 33/35 MP: 5/5
  2103 | D:3      | Reached skill level 6 in Short Blades
  3256 | D:4      | Noticed Natasha
  3313 | D:4      | Noticed an ogre
  3322 | D:3      | Killed an ogre
  3322 | D:3      | Reached skill level 7 in Short Blades
  3322 | D:3      | Reached XP level 6. HP: 41/41 MP: 6/6
  3481 | D:4      | Found a staircase to the Ecumenical Temple.
  3487 | Temple   | Entered the Ecumenical Temple
  3588 | Temple   | Became a worshipper of Uskayaw the Reveler
  3634 | D:3      | Reached * piety under Uskayaw
  3637 | D:3      | Reached ** piety under Uskayaw
  3730 | D:4      | Noticed Edmund
  3992 | D:3      | Reached skill level 1 in Invocations
  4050 | D:4      | Killed Natasha
  4050 | D:4      | Reached XP level 7. HP: 38/45 MP: 7/7
  4082 | D:4      | Noticed Natasha
  4095 | D:4      | Killed Natasha
  4211 | D:5      | Entered Level 5 of the Dungeon
  4221 | D:5      | Reached skill level 1 in Dodging
  4764 | D:4      | Noticed Eustachio
  4765 | D:4      | Noticed Ijyb
  4792 | D:3      | Killed Ijyb
  4812 | D:4      | Killed Eustachio
  4812 | D:4      | Reached skill level 8 in Short Blades
  5363 | D:3      | Reached XP level 8. HP: 50/52 MP: 10/10
  5628 | D:4      | Killed Edmund
  5696 | D:4      | Noticed Natasha
  5711 | D:4      | Killed Natasha
  6163 | D:5      | Noticed Blork the orc
  6185 | D:5      | Killed Blork the orc
  7571 | D:5      | Reached skill level 9 in Short Blades
  7722 | D:6      | Reached XP level 9. HP: 45/58 MP: 12/12
  8503 | D:6      | Reached skill level 5 in Invocations
  8719 | D:7      | Reached skill level 5 in Shields
  9086 | D:5      | Reached skill level 5 in Armour
  9153 | D:7      | Found a runed translucent door.
  9153 | D:7      | Noticed Ahrinia's ghost (novice DrAE)
  9624 | D:7      | Reached *** piety under Uskayaw
  9880 | D:7      | Reached skill level 10 in Short Blades
 10035 | D:7      | Found a burning altar of Makhleb.
 10186 | D:7      | Noticed a two-headed ogre
 10198 | D:7      | Killed a two-headed ogre
 10198 | D:7      | Reached XP level 10. HP: 64/64 MP: 14/14
 10450 | D:7      | Reached skill level 1 in Slings
 10596 | D:7      | Reached skill level 5 in Fighting
 10608 | D:7      | Found an ancient bone altar of Kikubaaqudgha.
 10630 | D:7      | Reached **** piety under Uskayaw
 10635 | D:7      | Reached ***** piety under Uskayaw
 10848 | D:8      | Found Heexoeck's Magic Scroll Shoppe.
 10853 | D:8      | Bought a scroll of enchant armour for 90 gold pieces
 10853 | D:8      | Bought a scroll of teleportation for 36 gold pieces
 10853 | D:8      | Bought a scroll of fear for 42 gold pieces
 10853 | D:8      | Bought a scroll of summoning for 114 gold pieces
 10873 | D:8      | Reached skill level 11 in Short Blades
 10910 | D:8      | Found a flagged portal.
 11027 | Bailey   | Entered a bailey
 11517 | D:8      | Reached skill level 5 in Slings
 11538 | D:8      | Found a staircase to the Lair.
 11945 | D:8      | Found a sparkling altar of Nemelex Xobeh.
 12157 | Lair:1   | Entered Level 1 of the Lair of Beasts
 12345 | Lair:1   | Noticed a spiny frog
 13401 | D:9      | Found a snail-covered altar of Cheibriados.
 13401 | D:9      | Found a sacrificial altar of Ru.
 13417 | D:9      | Reached XP level 11. HP: 72/72 MP: 16/16
 14376 | D:9      | Reached skill level 12 in Short Blades
 14466 | D:9      | Found a glowing silver altar of Zin.
 14468 | D:9      | Found a white marble altar of Elyvilon.
 14472 | D:9      | Found a glowing golden altar of the Shining One.
 14608 | D:9      | Noticed a two-headed ogre
 14745 | Lair:1   | HP: 3/72 [polar bear (11)]
 14747 | Lair:1   | Mangled by a polar bear

Levels and vault maps discovered:
D:1:      dpeg_arrival_round_c, layout_loops_ring
D:2:      layout_loops_cross, first_ration, hex_large, lemuel_blue_sif_altar
D:3:      layout_rooms, old_standard_altar, kennysheep_cross_room,
          bh_walls_and_bars
D:4:      layout_rooms, minmay_temple_entry_fiery, uniq_edmund, uniq_ijyb,
          uniq_natasha, uniq_eustachio
D:5:      layout_rooms, uniq_blork_the_orc
D:6:      layout_cave_pools, minivault_19
D:7:      layout_rooms, lemuel_mausoleum_altar_kikubaaqudgha,
          makhleb_heckhound_becter, gammafunk_ghost_grave,
          kennysheep_small_circle
D:8:      layout_basic, nemelex_altar_shiori, dpeg_oklobed_lair, serial_shops,
          kennysheep_little_box, enter_bailey_1
D:9:      layout_grid_maze, good_gods_mini_temple,
          chequers_temple_overflow_statue_of_worship
Temple:   nicolae_temple_figure_eight
Lair:1:   layout_cave_pods, portal_ice_cave_entry_imps, serial_bayou_pond_a,
          nicolae_lair_grove_arrangements, cheibrodos_lair_lostbears,
          lemuel_fruit_fields
Bailey:   bailey_polearm_gnolls_kennysheep, bailey

Skill      XL: |  1  2  3  4  5  6  7  8  9 10 11 |
---------------+----------------------------------+-----
Short Blades   | 3 4 5 7 8 9 10 11 12 | 12.2
Invocations    | 1 2 4 6 7 |  7.9
Dodging        | 1 3 4 |  4.4
Fighting       | 3 4 5 6 |  6.1
Shields        | 4 5 |  5.7
Armour         | 4 5 |  5.5
Slings         | 6 8 |  8.0

Action                   |  1- 3 |  4- 6 |  7- 9 | 10-12 || total
-------------------------+-------+-------+-------+-------++-------
Melee: Rapier            |    93 |   234 |   425 |   139 ||   891
       Long sword        |       |       |    72 |   266 ||   338
 Fire: Hunting sling     |       |       |    30 |    46 ||    76
Throw: Stone             |       |       |    11 |       ||    11
Invok: Stomp             |       |       |       |     1 ||     1
       Line Pass         |       |       |       |     1 ||     1
Evoke: Wand              |       |       |    25 |     7 ||    32
  Use: Scroll            |       |    14 |     3 |     9 ||    26
       Potion            |       |     2 |     3 |     3 ||     8
 Stab: Paralysed         |       |       |    10 |    16 ||    26
       Confused          |       |       |     1 |       ||     1
  Eat: Chunk             |       |    10 |    17 |    17 ||    44
       Ration            |       |       |     1 |       ||     1
Armor: Scale mail        |    26 |    53 |    43 |       ||   122
       Chain mail        |       |       |    73 |   112 ||   185
       Skin              |       |       |     5 |       ||     5
Dodge: Dodged            |    24 |    66 |   119 |   117 ||   326
Block: Shield            |    31 |   103 |   218 |   202 ||   554
       Rpst.: Long sword |       |       |     2 |    24 ||    26

Table legend:
 A = Non-vault XP
 B = Vault XP
 C = Vault XP percentage of total XP
 D = Non-vault monster count
 E = Vault monster count
 F = Vault count percentage of total count
                 A         B        C        D         E       F
            +---------+---------+-------+---------+---------+-------
      Total |    8259 |    1833 |  18.2 |     235 |      23 |   8.9
            +---------+---------+-------+---------+---------+-------
        D:1 |      62 |       0 |   0.0 |      28 |       0 |   0.0
        D:2 |      83 |       0 |   0.0 |      18 |       0 |   0.0
        D:3 |     540 |      35 |   6.1 |      44 |       1 |   2.2
        D:4 |     262 |     380 |  59.2 |      19 |       3 |  13.6
        D:5 |     758 |      94 |  11.0 |      23 |       1 |   4.2
        D:6 |     776 |       0 |   0.0 |      18 |       0 |   0.0
        D:7 |    1736 |     914 |  34.5 |      25 |      13 |  34.2
        D:8 |    1908 |     301 |  13.6 |      30 |       1 |   3.2
        D:9 |    2031 |       0 |   0.0 |      29 |       0 |   0.0
     Lair:1 |     103 |       0 |   0.0 |       1 |       0 |   0.0
     Bailey |       0 |     109 | 100.0 |       0 |       4 | 100.0
            +---------+---------+-------+---------+---------+-------
